 Dungeon Crawl Stone Soup version 0.23.2-40-g277498a001 (webtiles) character file.

Game seed: 676445587152633080

87408 DungeonDestroyer the Severer (level 16, -7/99 HPs)
             Began as a Formicid Fighter on Aug 21, 2019.
             Was a High Priest of Okawaru.
             Mangled by an ettin
             ... wielding a +0 dire flail
              (10 damage)
             ... on level 1 of the Orcish Mines on Aug 22, 2019.
             The game lasted 01:18:07 (26502 turns).

DungeonDestroyer the Severer (Formicid Fighter)    Turns: 26502, Time: 01:18:08

Health: -7/99      AC: 25    Str: 27    XL:     16   Next: 37%
Magic:  25/26      EV: 13    Int: 10    God:    Okawaru [*****.]
Gold:   1643       SH:  0    Dex: 12    Spells: 15/15 levels left

rFire    + + .     SeeInvis +   z - +6 broad axe of Chance {chop, Fragile rC+ Int+3}
rCold    . . .     Gourm    .   c - +1 shield
rNeg     . . .     Faith    .   k - +4 chain mail "Xoaweepan" {rElec rF+ MR+++ Stlth+}
rPois    .         Spirit   .   (helmet unavailable)
rElec    +         Reflect  .   l - +1 cloak
rCorr    .         Harm     .   a - +0 pair of gloves
MR       ++++.                  G - +2 pair of boots {Fly}
Stlth    ..........             r - amulet of the acrobat
HPRegen  0.26/turn              p - ring "Vodieg" {Fire Str+3 Int-3}
MPRegen  0.20/turn              H - +4 ring of slaying

@: confused, heroism, finesse, flying
A: permanent stasis, dig shafts and tunnels, four strong arms, antennae 3,
hooves 2, deterioration 1, frail 2
a: Dig, Shaft Self, Heroism, Finesse, Renounce Religion, Stop Flying


You were on level 1 of the Orcish Mines.
You worshipped Okawaru.
Okawaru was extremely pleased with you.
You were not hungry.

You visited 3 branches of the dungeon, and saw 23 of its levels.
You also visited: Sewer and Bailey.

You collected 1813 gold pieces.
You spent 170 gold pieces at shops.

Inventory:

Hand Weapons
 x - a +4 war axe of chopping
 z - the +6 broad axe of Chance (weapon) {chop, Fragile rC+ Int+3}
   (You found it on level 8 of the Dungeon)

   It inflicts extra damage upon your enemies.
   It affects your intelligence (+3).
   It protects you from cold.
   It will be destroyed if unequipped.
Armour
 a - a +0 pair of gloves (worn)
 c - a +1 shield (worn)
 k - the +4 chain mail "Xoaweepan" (worn) {rElec rF+ MR+++ Stlth+}
   (You found it on level 12 of the Dungeon)

   It protects you from fire.
   It insulates you from electricity.
   It affects your resistance to hostile enchantments.
   It makes you more stealthy.
 l - a +1 cloak (worn)
 G - a +2 pair of boots of flying (worn)
Jewellery
 m - a +6 ring of strength
 p - the ring "Vodieg" (left hand) {Fire Str+3 Int-3}
   (You acquired it on level 13 of the Dungeon)

   [ring of fire]

   It enhances your fire magic.
   It affects your strength (+3).
   It affects your intelligence (-3).
   It protects you from fire.
   It makes you vulnerable to cold.
 r - an amulet of the acrobat (around neck)
 B - a +2 ring of dexterity
 H - a +4 ring of slaying (right hand)
Wands
 b - a wand of acid (19)
 h - a wand of digging (5)
 n - a wand of paralysis (20)
 q - a wand of flame (33)
 t - a wand of random effects (47)
 y - a wand of clouds (6)
 A - a wand of polymorph (37)
 N - a wand of scattershot (6)
Scrolls
 g - 5 scrolls of identify
 o - 6 scrolls of amnesia
 s - a scroll of enchant armour
 u - 7 scrolls of remove curse
 v - 3 scrolls of magic mapping
 D - 3 scrolls of fear
 J - a scroll of silence
 K - a scroll of brand weapon
 P - a scroll of fog
Potions
 d - 4 potions of might
 e - 2 potions of brilliance
 i - 12 potions of curing
 w - 3 potions of agility
 F - 2 potions of lignification
 I - a potion of invisibility
Miscellaneous
 j - a crystal ball of energy
 C - a box of beasts
 E - a lightning rod (4/4)
 O - a sack of spiders
Comestibles
 f - 34 rations


   Skills:
 + Level 10.8(15.8) Fighting
 * Level 16.7(21.7) Axes
 + Level 10.4(15.4) Armour
 + Level 4.1(9.1) Dodging
 * Level 14.2(19.2) Shields
 * Level 13.3 Invocations
 * Level 5.2 Evocations


You had 15 spell levels left.
You didn't know any spells.
Your spell library contained the following spells:

 Spells                   Type           Power        Failure   Level  Hunger
 Animate Skeleton         Necr           N/A          80%         1    ##.....
 Apportation              Tloc           #.....       80%         1    ##.....
 Confusing Touch          Hex            #.....       80%         1    ##.....
 Infusion                 Chrm           #...         80%         1    ##.....
 Pain                     Necr           #...         80%         1    ##.....
 Summon Butterflies       Summ           #.......     80%         1    ##.....
 Summon Small Mammal      Summ           #...         80%         1    ##.....
 Call Imp                 Summ           #.......     90%         2    ###....
 Ensorcelled Hibernation  Hex/Ice        #.....       90%         2    ###....
 Shroud of Golubria       Chrm/Tloc      #.........   90%         2    ###....
 Song of Slaying          Chrm           #.......     90%         2    ###....
 Call Canine Familiar     Summ           #.......     99%         3    ####...
 Confuse                  Hex            #.......     99%         3    ####...
 Gell's Gravitas          Tloc           #.........   99%         3    ####...
 Lesser Beckoning         Tloc           #.........   99%         3    ####...
 Regeneration             Chrm/Necr      #.........   99%         3    ####...
 Spectral Weapon          Hex/Chrm       #.......     99%         3    ####...
 Summon Guardian Golem    Hex/Summ       #.......     99%         3    ####...
 Tukima's Dance           Hex            #.......     99%         3    ####...
 Vampiric Draining        Necr           #.........   99%         3    ####...
 Animate Dead             Necr           N/A          100%        4    #####..
 Petrify                  Tmut/Erth      #.......     100%        4    #####..
 Summon Ice Beast         Ice/Summ       #.......     100%        4    #####..
 Summon Lightning Spire   Summ/Air       #.......     100%        4    #####..
 Alistair's Intoxication  Tmut/Pois      #.......     100%        5    ######.
 Bolt of Magma            Conj/Fire/Erth #.........   100%        5    ######.
 Borgnjor's Vile Clutch   Necr/Erth      #.........   100%        5    ######.
 Iskenderun's Battlesphe  Conj/Chrm      #.......     100%        5    ######.
 Metabolic Englaciation   Hex/Ice        #.........   100%        5    ######.
 Silence                  Hex/Air        #.........   100%        5    ######.
 Venom Bolt               Conj/Pois      #.........   100%        5    ######.
 Yara's Violent Unravell  Hex/Tmut       #.........   100%        5    ######.
 Darkness                 Hex            #.........   100%        6    #######
 Invisibility             Hex            #.......     100%        6    #######
 Iron Shot                Conj/Erth      #.........   100%        6    #######
 Shadow Creatures         Summ           N/A          100%        6    #######
 Orb of Destruction       Conj           #.........   100%        7    #######
 Spellforged Servitor     Conj/Summ      #.........   100%        7    #######


Dungeon Overview and Level Annotations

Branches:
Dungeon (15/15)            Temple (0/1) D:5            Lair (6/6) D:9
 Shoals (0/4) Lair:3        Snake (0/4) Lair:3        Slime (0/5) Lair:5
    Orc (2/2) D:12         Vaults (0/5) D:14         Depths (0/5) D:15
    Elf: Orc:2

Altars:
Gozag
Kikubaaqudgha
Makhleb
Nemelex Xobeh
Okawaru
Ru
Uskayaw
Vehumet
Xom
The Shining One
Jiyva

Shops:
D:8 *   D:12 [

Portals:
Trove: D:13 (give +5 demon blade)

Annotations:
D:13 3 runed translucent doors, Sassenached's ghost, journeyman DsWn


Innate Abilities, Weirdness & Mutations

You cannot be hasted, slowed, berserked, paralysed or teleported.
You can dig through walls and to a lower floor.
Your four strong arms can wield two-handed weapons with a shield.
You have a pair of large antennae on your head. (SInv)
You have hoof-like feet.
Your body sometimes deteriorates upon taking damage.
You are very frail. (-20% HP)


Message History

You fly upwards.
The orc shouts!
The orc sorcerer shouts!
The orc warrior shouts!
The orc shouts! x2; The orc wizard shouts!
The orc priest shouts!
The warg howls!
An orc priest comes into view. It is wielding a +0 club.
You hear a shout!
The orc priest begins to cast a cantrip, but forgets the words!
An ogre comes into view. It is wielding a +0 giant club.
Found 21 gold pieces.
There is a stone staircase leading down here.
Unknown command.
You are confused.
You feel invigorated.
The ogre shouts!
You hear a shout! x2
An orc priest comes into view. It is wielding a +0 trident.
The orc barely misses you.
The ettin hits you with a +0 dire flail.
* * * LOW HITPOINT WARNING * * *
The ettin hits you with a +0 dire flail!
You die...

....... #..
.......#.. o
........#. hO
.........# ...
#........##....
...............
.o..........o..
o.o..oo@O......
#...o...C......
###............
#.........o...
.............##
..o........###
..$.##..#.#.
.^.# #.......


You could see an ettin, a warg, an orc sorcerer, an orc warrior, 2 ogres, 3 orc
priests, an orc wizard and 4 orcs.

Vanquished Creatures
  Kirke (D:13)
  An orc warlord (Orc:1)
  Nessos (D:14)
  6 dire elephants (Lair:6)
  Snorg (Orc:2)
  A vault guard (D:14)
  The ghost of Tinylith the Destroyer, a journeyman DsFE of Vehumet (D:11)
  Harold (D:9)
  An anaconda (Lair:6)
  An ice dragon (Lair:6)
  Erica (Lair:1)
  4 centaur warriors
  7 hydras
  An ogre mage (D:15)
  7 two-headed ogres
  3 tengu warriors
  Urug (D:13)
  The ghost of Jabberih the Black Sun, a novice DsNe of Kikubaaqudgha (D:10)
  The ghost of Kold the Martial Artist, a novice OpTm of Cheibriados (D:9)
  An unseen horror (D:12)
  3 wizards (D:15)
  2 harpies (D:15)
  3 orc knights
  An oklob plant (Lair:2)
  A necromancer (D:11)
  5 ugly things
  5 cyclopes
  4 manticores
  A merfolk siren (Lair:3)
  2 black mambas
  2 naga magi (D:15)
  18 elephants
  Maurice (Orc:1)
  6 spiny frogs
  2 gargoyles
  5 komodo dragons
  5 rime drakes
  A kobold demonologist (D:15)
  A freezing wraith (D:10)
  A queen bee (D:13)
  3 meliai (D:13)
  A tengu conjurer (D:15)
  7 trolls
  A polar bear (Lair:6)
  A hornet (D:10)
  20 blink frogs
  9 slime creatures
  13 hippogriffs
  A centaur simulacrum (D:14)
  A shadow (D:13)
  3 wraiths
  2 wyverns
  2 humans (D:8)
  2 vampires
  4 hogs (D:13)
  2 basilisks
  25 yaks
  2 hungry ghosts
  The ghost of Name63 the Skirmisher, an amateur DsFi (D:3)
  A neqoxec (D:9)
  4 vampire mosquitoes
  A steam dragon (D:12)
  Menkaure (D:4)
  2 wargs
  2 nagas (Lair:3)
  A soldier ant (D:8)
  3 acid dragons
  12 water moccasins
  7 porcupines
  14 orc warriors
  A hornet zombie (D:13)
  5 ice beasts
  3 sky beasts
  5 phantoms
  4 black bears
  An eye of draining (D:12)
  4 ogres
  3 wolves
  10 centaurs
  11 crocodiles
  4 big kobolds
  2 wyvern zombies
  17 bullfrogs
  2 gnoll sergeants
  2 wyvern skeletons
  6 scorpions
  15 killer bees
  14 wights
  5 howler monkeys
  3 crimson imps
  6 quasits
  3 bullfrog zombies
  5 hounds
  4 jellies
  8 orc priests
  7 centaur skeletons
  18 orc wizards
  3 iguanas
  An iron imp (D:6)
  Natasha (thrice) (D:4)
  8 worker ants
  A polar bear simulacrum (D:11)
  2 wolf simulacra (D:11)
  4 yak simulacra (D:11)
  A hound skeleton (D:5)
  A worker ant zombie (D:11)
  Robin (D:4)
  15 gnolls
  16 adders
  6 shadow imps
  3 white imps (Lair:6)
  6 oozes
  2 worms (D:2)
  2 dart slugs
  14 leopard geckos
  68 orcs
  13 giant cockroaches
  22 goblins
  6 hobgoblins
  20 jackals
  36 kobolds
  2 quokkas
  2 ball pythons
  7 bats
  6 frilled lizards
  A goblin skeleton (D:6)
  3 goblin zombies (D:6)
  3 hobgoblin zombies (D:6)
  A kobold skeleton (D:6)
  2 orc zombies (D:6)
  18 rats
  4 river rat simulacra (D:11)
  2 fungi
  7 plants
739 creatures vanquished.

Vanquished Creatures (others)
  A harpy (D:15)
  2 humans (D:13)
  An orc warrior (Orc:2)
  A sky beast (D:8)
  8 fungi
  18 plants
31 creatures vanquished.

Grand Total: 770 creatures vanquished

Notes
Turn   | Place    | Note
-------+----------+-------------------------------------------
     0 | D:1      | DungeonDestroyer the Formicid Fighter began the quest for
                  | the Orb.
     0 | D:1      | Reached XP level 1. HP: 18/18 MP: 1/1
   151 | D:1      | Reached XP level 2. HP: 24/24 MP: 2/2
   325 | D:1      | Reached XP level 3. HP: 26/29 MP: 3/3
   826 | D:2      | Reached XP level 4. HP: 36/37 MP: 4/4
  1067 | D:2      | Reached skill level 3 in Axes
  1093 | D:2      | Reached XP level 5. HP: 24/42 MP: 5/5
  1418 | D:2      | Found a glowing golden altar of the Shining One.
  1789 | D:3      | Found a sparkling altar of Nemelex Xobeh.
  1794 | D:3      | Found a shimmering altar of Xom.
  2003 | D:3      | Reached XP level 6. HP: 26/48 MP: 6/6
  2296 | D:3      | Found a runed translucent door.
  2296 | D:3      | Noticed Name63's ghost (amateur DsFi)
  2696 | D:4      | Reached skill level 4 in Axes
  2723 | D:4      | Reached skill level 1 in Dodging
  2862 | D:4      | Noticed Menkaure
  2870 | D:4      | Killed Menkaure
  2870 | D:4      | Reached skill level 5 in Shields
  2870 | D:4      | Reached XP level 7. HP: 18/55 MP: 7/7
  3102 | D:4      | Noticed Robin
  3111 | D:4      | Reached skill level 5 in Axes
  3113 | D:4      | Killed Robin
  3211 | D:4      | Found an ancient bone altar of Kikubaaqudgha.
  3211 | D:4      | Found a burning altar of Makhleb.
  3218 | D:4      | Found a faded altar of an unknown god.
  3220 | D:4      | Found a faded altar of an unknown god.
  3222 | D:4      | Found an iron altar of Okawaru.
  3266 | D:4      | Became a worshipper of Warmaster Okawaru
  3503 | D:4      | Noticed Natasha
  3507 | D:4      | Killed Natasha
  3653 | D:4      | Noticed Natasha
  3659 | D:4      | Killed Natasha
  3750 | D:5      | Entered Level 5 of the Dungeon
  3762 | D:5      | Reached skill level 1 in Invocations
  3893 | D:5      | Found a glowing drain.
  3907 | Sewer    | Entered a sewer
  3991 | Sewer    | Reached XP level 8. HP: 61/61 MP: 9/9
  4015 | Sewer    | Found a white marble altar of Elyvilon.
  4131 | D:5      | Found an opulent altar of Gozag.
  4131 | D:5      | Found a sacrificial altar of Ru.
  4131 | D:5      | Found a hide-covered altar of Uskayaw.
  4294 | D:5      | Found a staircase to the Ecumenical Temple.
  4434 | D:5      | Reached * piety under Okawaru
  4434 | D:5      | Reached skill level 5 in Armour
  4535 | D:5      | Reached skill level 6 in Axes
  4681 | D:5      | Found a radiant altar of Vehumet.
  5146 | D:6      | Found a glowing golden altar of the Shining One.
  5708 | D:7      | Reached skill level 5 in Fighting
  5753 | D:7      | Noticed a hippogriff
  5764 | D:7      | Reached XP level 9. HP: 32/68 MP: 11/11
  5768 | D:7      | Killed a hippogriff
  5768 | D:7      | Reached ** piety under Okawaru
  5768 | D:7      | Reached skill level 7 in Axes
  6213 | D:7      | Found a burning altar of Makhleb.
  6730 | D:7      | Reached skill level 8 in Axes
  6739 | D:7      | Reached skill level 5 in Invocations
  6799 | D:7      | HP: 3/69 [orc warrior/+0 halberd (9)]
  7133 | D:7      | Reached *** piety under Okawaru
  7583 | D:7      | Reached XP level 10. HP: 76/76 MP: 14/14
  7632 | D:8      | Found a shimmering altar of Xom.
  7782 | D:8      | Reached skill level 9 in Axes
  7828 | D:8      | Noticed a centaur warrior
  7842 | D:8      | Killed a centaur warrior
  7842 | D:8      | Reached **** piety under Okawaru
  7951 | D:8      | Noticed a gargoyle
  7951 | D:8      | Noticed a manticore
  7957 | D:8      | Identified the ring "Rossea Athruw" {+Blink rPois MP+9}
  7957 | D:8      | Noticed a centaur warrior
  7974 | D:8      | Killed a gargoyle
  7974 | D:8      | Reached ***** piety under Okawaru
  7974 | D:8      | Reached skill level 10 in Axes
  7983 | D:8      | Killed a manticore
  7983 | D:8      | Reached XP level 11. HP: 60/83 MP: 8/16
  7988 | D:8      | Killed a centaur warrior
  8013 | D:8      | Got a faintly glowing broad axe
  8018 | D:8      | Got a translucent bronze ring
  8244 | D:8      | Found an iron altar of Okawaru.
  8472 | D:8      | Found Ecro Wor's Assorted Antiques.
  8784 | D:8      | Gained mutation: Your mind is acute. (Int +2) [potion of
                  | mutation]
  8784 | D:8      | Gained mutation: You are weak. (Str -2) [potion of
                  | mutation]
  8784 | D:8      | Gained mutation: You possess an exceptional clarity of
                  | mind. [potion of mutation]
  8789 | D:8      | Identified the +6 broad axe of Chance {chop, Fragile rC+
                  | Int+3} (You found it on level 8 of the Dungeon)
  8790 | D:8      | Identified the ring "Midis" {Int+3 Stlth+} (You found it on
                  | level 8 of the Dungeon)
  8798 | D:8      | Lost mutation: You are weak. (Str -2) [potion of mutation]
  8798 | D:8      | Lost mutation: You possess an exceptional clarity of mind.
                  | [potion of mutation]
  8798 | D:8      | Gained mutation: Armour fits poorly on your strangely
                  | shaped body. [potion of mutation]
  8798 | D:8      | Gained mutation: You have large cloven feet. [potion of
                  | mutation]
  8798 | D:8      | Gained mutation: Scrolls take you a little longer to read.
                  | [potion of mutation]
  8798 | D:8      | Gained mutation: You have hoof-like feet. [potion of
                  | mutation]
  8799 | D:8      | Lost mutation: Scrolls take you a little longer to read.
                  | [potion of mutation]
  8799 | D:8      | Lost mutation: You have hoof-like feet. [potion of
                  | mutation]
  8799 | D:8      | Lost mutation: Your mind is acute. (Int +2) [potion of
                  | mutation]
  8799 | D:8      | Lost mutation: Armour fits poorly on your strangely shaped
                  | body. [potion of mutation]
  8799 | D:8      | Gained mutation: You are frail. (-10% HP) [potion of
                  | mutation]
  8799 | D:8      | Gained mutation: Your body sometimes deteriorates upon
                  | taking damage. [potion of mutation]
  8799 | D:8      | Gained mutation: You are very frail. (-20% HP) [potion of
                  | mutation]
  8799 | D:8      | Gained mutation: You have hoof-like feet. [potion of
                  | mutation]
  8860 | D:8      | Bought an ivory ring for 170 gold pieces
  8920 | D:9      | Reached skill level 11 in Axes
  8944 | D:9      | Found a staircase to the Lair.
  8968 | D:9      | Received a gift from Okawaru
  9007 | D:9      | Noticed a cyclops
  9015 | D:9      | Killed a cyclops
  9098 | D:9      | Noticed Harold
  9116 | D:9      | Killed Harold
  9382 | D:9      | Noticed Kold's ghost (novice OpTm)
  9471 | D:9      | Found a transporter.
  9494 | D:9      | Found a transporter.
  9567 | D:9      | Identified the +3 battleaxe of Psychosis {drain, Dex+3
                  | SInv} (Okawaru gifted it to you on level 9 of the Dungeon)
  9589 | D:10     | Entered Level 10 of the Dungeon
  9938 | D:10     | Reached XP level 12. HP: 72/72 MP: 18/18
  9958 | D:10     | Found a runed translucent gate.
  9959 | D:10     | Found a runed translucent gate.
  9960 | D:10     | Found a runed translucent gate.
  9963 | D:10     | Noticed Jabberih's ghost (novice DsNe)
 10881 | D:11     | Noticed a two-headed ogre
 10888 | D:11     | Killed a two-headed ogre
 10888 | D:11     | Reached skill level 12 in Axes
 10973 | D:11     | Found a large runed translucent door.
 10973 | D:11     | Found a large runed translucent door.
 10974 | D:11     | Noticed Tinylith's ghost (journeyman DsFE)
 11052 | D:11     | Received a gift from Okawaru
 11061 | D:11     | Identified the cursed +0 mace of Buoklopt {crush, Str+5}
                  | (You found it on level 11 of the Dungeon)
 11067 | D:11     | Identified the +0 pair of gloves of Incorporation {rF+
                  | Dex-4 SInv} (Okawaru gifted it to you on level 11 of the
                  | Dungeon)
 11360 | D:11     | Noticed a two-headed ogre
 11368 | D:11     | Killed a two-headed ogre
 11572 | D:11     | Reached skill level 10 in Invocations
 11912 | D:3      | Killed Name63's ghost
 11980 | D:4      | Noticed Natasha
 11986 | D:4      | Killed Natasha
 12242 | D:9      | Killed Kold's ghost
 12242 | D:9      | Reached skill level 10 in Shields
 12299 | D:10     | Killed Jabberih's ghost
 12442 | D:12     | Found Bulaom's Armour Boutique.
 12466 | D:12     | Found a flagged portal.
 12485 | Bailey   | Entered a bailey
 12603 | Bailey   | Reached XP level 13. HP: 62/79 MP: 13/20
 12856 | D:12     | Identified the +4 chain mail "Xoaweepan" {rElec rF+ MR+++
                  | Stlth+} (You found it on level 12 of the Dungeon)
 12895 | D:12     | Reached skill level 13 in Axes
 13397 | D:12     | Found a staircase to the Orcish Mines.
 13639 | D:13     | Noticed Urug
 13651 | D:13     | Killed Urug
 13927 | D:13     | Found a runed translucent gate.
 13927 | D:13     | Found a runed translucent gate.
 13927 | D:13     | Found a runed translucent gate.
 13927 | D:13     | Noticed Sassenached's ghost (journeyman DsWn)
 14011 | D:13     | Received a gift from Okawaru
 14088 | D:13     | Noticed Kirke
 14110 | D:13     | Noticed a sphinx
 14113 | D:13     | Killed Kirke
 14260 | D:13     | Noticed a centaur warrior
 14264 | D:13     | Killed a centaur warrior
 14463 | D:13     | Found a portal to a secret trove of treasure.
 14574 | D:13     | Reached skill level 14 in Axes
 14825 | D:13     | Identified a scroll of acquirement
 14828 | D:13     | Got a scintillating silver ring
 14831 | D:13     | Identified the ring "Vodieg" {Fire Str+3 Int-3} (You
                  | acquired it on level 13 of the Dungeon)
 14967 | D:11     | Killed Tinylith's ghost
 15343 | D:14     | Noticed Nessos
 15380 | D:14     | Killed Nessos
 15380 | D:14     | Reached XP level 14. HP: 40/86 MP: 17/22
 15795 | D:14     | Received a gift from Okawaru
 15818 | D:14     | Reached ****** piety under Okawaru
 15830 | D:14     | Found a gate to the Vaults.
 16098 | D:15     | Entered Level 15 of the Dungeon
 16779 | D:15     | Received a gift from Okawaru
 17002 | D:15     | Reached skill level 10 in Fighting
 17418 | D:15     | Reached skill level 1 in Evocations
 17422 | D:15     | Reached skill level 15 in Axes
 17618 | D:15     | Found a staircase to the Depths.
 18065 | Lair:1   | Entered Level 1 of the Lair of Beasts
 18257 | Lair:1   | Reached XP level 15. HP: 91/92 MP: 24/24
 19117 | Lair:1   | Noticed Erica
 19124 | Lair:1   | Killed Erica
 19920 | Lair:2   | Received a gift from Okawaru
 21132 | Lair:3   | Found a staircase to the Snake Pit.
 21271 | Lair:3   | You are sucked into a shaft for 2 floors!
 21304 | Lair:5   | Received a gift from Okawaru
 21351 | Lair:6   | Entered Level 6 of the Lair of Beasts
 21610 | Lair:5   | Found a viscous altar of Jiyva.
 21611 | Lair:5   | Found a staircase to the Slime Pits.
 22120 | Lair:6   | Reached skill level 16 in Axes
 22314 | Lair:6   | Identified the +1 plate armour "Pizak" {-Cast *Contam rC+++
                  | SInv} (You found it on level 6 of the Lair of Beasts)
 22351 | Lair:6   | Reached skill level 10 in Armour
 23531 | Lair:6   | Reached XP level 16. HP: 98/99 MP: 25/25
 25028 | Lair:4   | You are sucked into a shaft for 2 floors!
 25359 | Lair:3   | Found a staircase to the Shoals.
 25367 | Lair:3   | Received a gift from Okawaru
 25433 | Lair:3   | Reached skill level 5 in Evocations
 26069 | Orc:1    | Entered Level 1 of the Orcish Mines
 26225 | Orc:1    | Noticed Maurice
 26235 | Orc:1    | Killed Maurice
 26469 | Orc:2    | Entered Level 2 of the Orcish Mines
 26469 | Orc:2    | Noticed Snorg
 26491 | Orc:2    | Killed Snorg
 26502 | Orc:1    | HP: 3/99 [ettin/+0 dire flail (6)]
 26502 | Orc:1    | Mangled by an ettin

Skill      XL: |  1  2  3  4  5  6  7  8  9 10 11 12 13 14 15 16 |
---------------+-------------------------------------------------+-----
Shields        | 4 5 6 7 8 9 10 11 12 13 14 | 14.2
Axes           | 3 4 5 6 8 10 11 12 14 15 16 | 16.7
Fighting       | 4 5 6 7 8 9 10 | 10.8
Armour         | 4 5 6 7 8 9 10 | 10.4
Dodging        | 1 2 3 4 |  4.1
Invocations    | 1 3 5 7 9 10 11 12 13 | 13.3
Evocations     | 2 4 5 |  5.2

Action                   |  1- 3 |  4- 6 |  7- 9 | 10-12 | 13-15 | 16-18 || total
-------------------------+-------+-------+-------+-------+-------+-------++-------
Melee: War axe           |    91 |   169 |   373 |   200 |       |       ||   833
       Broad axe         |       |       |       |   338 |   876 |   145 ||  1359
Invok: Finesse           |       |       |       |     5 |    10 |     3 ||    18
       Heroism           |       |       |       |     4 |     6 |     4 ||    14
Evoke: Wand              |       |       |       |       |     3 |       ||     3
  Use: Scroll            |     3 |     4 |     7 |    11 |     9 |     2 ||    36
       Potion            |     2 |     5 |     2 |     5 |     9 |     4 ||    27
  Eat: Chunk             |       |     7 |    15 |    12 |    17 |     5 ||    56
       Ration            |       |       |       |     2 |     5 |     2 ||     9
Armor: Scale mail        |    35 |    90 |   128 |       |       |       ||   253
       Plate armour      |       |       |    13 |   179 |    26 |       ||   218
       Chain mail        |       |       |       |       |   282 |    67 ||   349
Dodge: Dodged            |    19 |    69 |   146 |   137 |   314 |   107 ||   792
Block: Shield            |    45 |   106 |   229 |   319 |   652 |   153 ||  1504
